 Dungeon Sprint DCSS version 0.19.4-9-g45fd643 (webtiles) character file.

57 equalderp2856 the Scratcher (level 3, -3/18 HPs)
             Began as a Felid Fighter on Feb 19, 2017.
             Slain by a water elemental (9 damage)
             ... in the Dungeon (Sprint III: "The Ten Rune Challenge").
             The game lasted 00:01:12 (421 turns).

equalderp2856 the Scratcher (Felid Fighter)          Turns: 421, Time: 00:01:12

Health: -3/18      AC:  1    Str: 13    XL:     3   Next: 73%
Magic:  4/4        EV: 20    Int:  9    God:
Gold:   4          SH:  0    Dex: 15    Spells: 0 memorised, 2 levels left
                                        Lives:  0   Deaths: 0

rFire  . . .     SeeInvis +       - Unarmed
rCold  . . .     Gourm    .     (armour unavailable)
rNeg   . . .     Faith    .     (shield unavailable)
rPois  .         Spirit   .     (helmet unavailable)
rElec  .         Reflect  .     (cloak unavailable)
rCorr  .         Harm     .     (gloves unavailable)
MR     .....     NoTele   +     (boots unavailable)
Stlth  ++........               (no amulet)
                                (no ring)
                                (no ring)

@: quick
A: no armour, no weapons or thrown items, stealth, claws 1, fangs 3, see
invisible, carnivore 3, speed 1, shaggy fur 1, slow metabolism 1, sharp paws
a: no special abilities


You were in the Dungeon.
You were not hungry.

You visited 1 branch You collected 4 gold pieces.

Inventory:

Scrolls
 h - a scroll of blinking
Potions
 a - a potion of might
 c - a potion of curing
 d - a potion of heal wounds
 e - a potion of haste
 f - 2 potions of magic
 g - a potion of berserk rage
Comestibles
 b - a meat ration


   Skills:
 + Level 4.6 Fighting
 + Level 5.4 Dodging
 + Level 0.4 Stealth
 + Level 7.0 Unarmed Combat


You had 2 spell levels left.
You didn't know any spells.

Dungeon Overview and Level Annotations

Branches:
Dungeon (1/1)

Altars:


Innate Abilities, Weirdness & Mutations

You cannot wear armour.
You are incapable of wielding weapons or throwing items.
Your paws allow you to move quietly. (Stealth)
You have sharp claws.
You have razor-sharp teeth.
You have supernaturally acute eyesight. (SInv)
You are carnivorous and can eat meat at any time.
You cover ground quickly.
You are covered in fur. (AC +1)
You have a slow metabolism.
Your sharp claws are effective at attacking unaware monsters.


Message History

You completely miss the water elemental.
The water elemental closely misses you.
You scratch the water elemental but do no damage.
The water elemental closely misses you.
There is an open door to the Ecumenical Temple here.
You claw the water elemental!
The water elemental is heavily damaged.
You claw the water elemental! Your bite misses the water elemental.
The water elemental is severely damaged.
The water elemental barely misses you.
You scratch the water elemental.
You bite the water elemental, but do no damage.
The water elemental is almost destroyed.
The water elemental hits you!
Ouch! That really hurt!
You scratch the water elemental but do no damage.
The water elemental is almost destroyed.
The water elemental hits you!
Ouch! That really hurt!
You die...

▓▓▓▓▓▓▓ ▓▓▓ ..#...####
##.# ..#......## #..#
.##.....[.# #..#
#.##.##...# #..###+#+###
#.##.###..# +#..#........
.####.##..# #...@E⌠......
###..##..####...#...#####
.....##..###....#.⌠.#
##..##...##.....#...#
#..##....#÷.....#+###
..###..##.#.....# [.# #..
####....# ▓▓▓ ▓▓▓ ▓▓▓▓▓▓


You could see a water elemental.

Vanquished Creatures
  Jessica (D)
  A human (D)
  2 oozes (D)
  A phantom (D)
  A rat (D)
6 creatures vanquished.

Vanquished Creatures (others)
  A draconian scorcher (D)
  6 hellions (D)
  A yaktaur (D)
  3 plants (D)
11 creatures vanquished.

Grand Total: 17 creatures vanquished

Notes
Turn   | Place    | Note
-------+----------+-------------------------------------------
     0 | D        | equalderp2856 the Felid Fighter began the quest for the Orb.
     0 | D        | Reached XP level 1. HP: 10/10 MP: 2/2
    20 | D        | Reached skill level 5 in Unarmed Combat
    20 | D        | Reached XP level 2. HP: 14/14 MP: 3/3
    31 | D        | Noticed Jessica
    42 | D        | Killed Jessica
    42 | D        | Reached skill level 5 in Dodging
    42 | D        | Reached skill level 6 in Unarmed Combat
    42 | D        | Reached XP level 3. HP: 15/18 MP: 4/4
   117 | D        | Reached skill level 7 in Unarmed Combat
   131 | D        | Killed a hellion
   149 | D        | Killed a hellion
   151 | D        | Killed a hellion
   161 | D        | Killed a hellion
   163 | D        | Killed a hellion
   198 | D        | Killed a white draconian scorcher
   237 | D        | Killed a hellion
   305 | D        | Killed a yaktaur
   411 | D        | Noticed a water elemental
   421 | D        | Slain by a water elemental

Skill      XL: |  1  2  3 |
---------------+----------+-----
Unarmed Combat | 5 6 7 |  7.0
Fighting       | 4 |  4.6
Dodging        | 5 |  5.4
Stealth        | |  0.4

Action                   || total
-------------------------++-------
Melee: Unarmed           ||    39
       Bite              ||     4
Dodge: Dodged            ||    26
